 Dungeon Sprint DCSS version 0.26-a0-1101-g8f9f7f7418 (webtiles) character file.

Game seed: 10060645220095430751

8200000 Adamkad1 the Axe Maniac (level 27, -4/239 (249) HPs)
             Began as a Formicid Fighter on Dec 15, 2020.
             Was the Champion of Makhleb.
             Killed from afar by a wretched soul (53 damage)
             ... with a bolt of negative energy
             ... in the Dungeon (Sprint VIII: "Arena of Blood").
             The game lasted 00:02:26 (82 turns).

Adamkad1 the Axe Maniac (Formicid Fighter)            Turns: 82, Time: 00:02:26

HP:   -4/239 (249)  AC: 13    Str: 21    XL:     27
MP:   31/54         EV: 31    Int: 12    God:    Makhleb [******]
Gold: 0             SH: 19    Dex: 19    Spells: 80/80 levels left

rFire    . . .     SeeInvis +   h - +∞ Axe of Woe
rCold    . . .     Faith    .   c - +0 kite shield
rNeg     . . .     Spirit   .   b - +0 scale mail
rPois    .         Reflect  .   (helmet unavailable)
rElec    .         Harm     .   (no cloak)
rCorr    .         Rampage  .   (no gloves)
Will     ++...                  (no boots)
Stlth    ++++++++..             (no amulet)
HPRegen  0.49/turn              (no ring)
MPRegen  0.34/turn              (no ring)

@: lightly drained
A: permanent stasis, dig shafts and tunnels, four strong arms, antennae 3
a: Dig, Minor Destruction, Lesser Servant of Makhleb, Major Destruction, Greater
Servant of Makhleb, Renounce Religion


You were in the Dungeon.
You worshipped Makhleb.
Makhleb was exalted by your worship.
You visited 1 branch

Inventory:

Hand Weapons
 a - a +0 war axe
 h - the +∞ Axe of Woe (weapon)
   (You found it in the Dungeon)
Armour
 b - a +0 scale mail (worn)
 c - a +0 kite shield (worn)
Potions
 d - a potion of might
 e - a potion of curing
 f - a potion of heal wounds
 g - 2 potions of magic


   Skills:
 O Level 27 Fighting
 O Level 27 Short Blades
 O Level 27 Long Blades
 O Level 27 Axes
 O Level 27 Maces & Flails
 O Level 27 Polearms
 O Level 27 Staves
 O Level 27 Slings
 O Level 27 Bows
 O Level 27 Crossbows
 O Level 27 Throwing
 O Level 27 Armour
 O Level 27 Dodging
 O Level 27 Stealth
 O Level 27 Shields
 O Level 27 Unarmed Combat
 O Level 27 Spellcasting
 O Level 27 Conjurations
 O Level 27 Hexes
 O Level 27 Summonings
 O Level 27 Necromancy
 O Level 27 Translocations
 O Level 27 Transmutations
 O Level 27 Fire Magic
 O Level 27 Ice Magic
 O Level 27 Air Magic
 O Level 27 Earth Magic
 O Level 27 Poison Magic
 O Level 27 Invocations
 O Level 27 Evocations


You had 80 spell levels left.
You didn't know any spells.
Your spell library was empty.

Dungeon Overview and Level Annotations

Branches:
Dungeon (1/1)

Altars:
Makhleb


Innate Abilities, Weirdness & Mutations

You cannot be hasted, slowed, berserked, paralysed or teleported.
You can dig through walls and to a lower floor.
Your four strong arms can wield two-handed weapons with a shield.
You have a pair of large antennae on your head. (SInv)


Message History

The accursed gestures at you while chanting.
Something smites you!
You hear a shout!
The accursed gestures at you while chanting.
Something smites you!
You hear a shout! x2
The accursed points at you and mumbles some strange words.
Something smites you!
A bag of meat comes into view. It is wielding a +9 war axe.
You hear a shout! x2
A bag of meat comes into view. It is wielding a +9 war axe.
The eight-headed meat hydra calls on the powers of darkness!
The eight-headed meat hydra convulses!
The bag of meat convulses!
Your body is wracked with pain!
* * * LOW HITPOINT WARNING * * *
The bag of meat convulses!
The eight-headed meat hydra convulses!
The meat berserker convulses!
The wretched soul breathes negative energy at you.
The bolt of negative energy hits you!!!
You feel drained.
You die...

..{.....###.......o.
#.....W.W_....o.Xo..
.... #..{..#.XLo...
.....#_.<)_#oo2X...
.....#.))))#oOXo..#
.......)_))○oMo....
.....DW###WMo.X....
..###....)))###....
. #....@X)# ..
#...)...#
...............
....D..........#
...O..........#..
............##...
..#....W...#M ...
o..........#.. ##


You could see 3 accurseds, 3 tentacled monstrosities, a meat beast (fast), a
tyrant (fast), 2 eight-headed meat hydras, 3 large abominations, 2 wretched
souls, a dread, 2 meat berserkers and 10 bags of meat.

Vanquished Creatures
  A hell beast (D)
  2 royal mummies (D)
  A wraith (D)
  8 vampire knights (D)
  26 ogres (D)
  A two-headed ogre (D)
  A lich (D)
  31 orcs (D)
  A phantom (D)
  5 skeletal warriors (D)
  3 small abominations (D)
  3 large abominations (D)
  5 crawling corpses (D)
88 creatures vanquished.

Notes
Turn   | Place    | Note
-------+----------+-------------------------------------------
     0 | D        | Found the +∞ Axe of Woe
     0 | D        | Adamkad1 the Formicid Fighter began the quest for the Orb.
     0 | D        | Reached XP level 1. HP: 18/18 MP: 1/1
     1 | D        | Noticed a bag of meat
     3 | D        | Became a worshipper of Makhleb the Destroyer
     4 | D        | Noticed a bag of meat
     6 | D        | Noticed a bag of meat
     8 | D        | Killed a bag of meat
     9 | D        | Reached skill level 15 in Fighting
     9 | D        | Reached skill level 15 in Armour
     9 | D        | Reached XP level 2. HP: 45/45 MP: 2/2
     9 | D        | Reached XP level 3. HP: 51/51 MP: 3/3
     9 | D        | Reached XP level 4. HP: 58/58 MP: 4/4
     9 | D        | Reached XP level 5. HP: 64/64 MP: 5/5
     9 | D        | Reached XP level 6. HP: 71/71 MP: 6/6
     9 | D        | Reached XP level 7. HP: 77/77 MP: 7/7
     9 | D        | Reached XP level 8. HP: 85/85 MP: 8/8
     9 | D        | Reached XP level 9. HP: 91/91 MP: 9/9
     9 | D        | Reached XP level 10. HP: 98/98 MP: 10/10
     9 | D        | Reached XP level 11. HP: 104/104 MP: 11/11
     9 | D        | Reached XP level 12. HP: 111/111 MP: 12/12
     9 | D        | Killed a bag of meat
     9 | D        | Reached * piety under Makhleb
     9 | D        | Noticed a meat berserker
    10 | D        | Reached XP level 13. HP: 122/122 MP: 13/13
    10 | D        | Noticed a meat berserker
    12 | D        | Killed a meat berserker
    13 | D        | Reached XP level 14. HP: 135/135 MP: 14/14
    13 | D        | Reached XP level 15. HP: 141/141 MP: 15/15
    13 | D        | Noticed a meat berserker
    15 | D        | Killed a meat berserker
    15 | D        | Killed a meat berserker
    15 | D        | Reached ** piety under Makhleb
    15 | D        | Noticed a meat berserker
    16 | D        | Reached XP level 16. HP: 157/157 MP: 16/16
    16 | D        | Noticed a meat berserker
    18 | D        | Noticed a meat berserker
    18 | D        | Noticed a meat berserker
    19 | D        | Killed a meat berserker
    20 | D        | Reached skill level 27 in Axes
    20 | D        | Reached XP level 17. HP: 168/168 MP: 17/17
    20 | D        | Noticed a meat berserker
    21 | D        | Reached skill level 27 in Shields
    21 | D        | Reached XP level 18. HP: 180/180 MP: 18/18
    21 | D        | Killed a meat berserker
    21 | D        | Reached *** piety under Makhleb
    22 | D        | Reached skill level 27 in Fighting
    22 | D        | Reached skill level 27 in Armour
    23 | D        | Reached skill level 5 in Short Blades
    23 | D        | Reached skill level 5 in Long Blades
    23 | D        | Reached skill level 5 in Staves
    23 | D        | Reached skill level 5 in Slings
    23 | D        | Reached skill level 5 in Crossbows
    23 | D        | Reached skill level 5 in Throwing
    23 | D        | Reached skill level 5 in Unarmed Combat
    23 | D        | Reached skill level 5 in Spellcasting
    23 | D        | Reached skill level 5 in Summonings
    23 | D        | Reached skill level 5 in Necromancy
    23 | D        | Reached skill level 5 in Transmutations
    23 | D        | Reached skill level 5 in Fire Magic
    23 | D        | Reached skill level 5 in Ice Magic
    23 | D        | Reached skill level 5 in Evocations
    23 | D        | Reached XP level 19. HP: 189/189 MP: 18/26
    23 | D        | Noticed a meat berserker
    23 | D        | Noticed a destroyer
    24 | D        | Reached **** piety under Makhleb
    25 | D        | Reached skill level 5 in Conjurations
    25 | D        | Reached skill level 5 in Translocations
    25 | D        | Killed a meat berserker
    26 | D        | Reached skill level 10 in Maces & Flails
    26 | D        | Reached skill level 10 in Polearms
    26 | D        | Reached skill level 10 in Dodging
    26 | D        | Reached skill level 10 in Stealth
    26 | D        | Reached skill level 10 in Poison Magic
    26 | D        | Reached XP level 20. HP: 197/197 MP: 18/31
    26 | D        | Killed a meat berserker
    26 | D        | Killed a destroyer
    27 | D        | Reached skill level 10 in Staves
    27 | D        | Reached skill level 10 in Slings
    27 | D        | Reached skill level 10 in Transmutations
    27 | D        | Reached skill level 10 in Evocations
    27 | D        | Reached XP level 21. HP: 204/204 MP: 18/34
    28 | D        | Noticed a destroyer
    28 | D        | Killed a meat berserker
    28 | D        | Reached ***** piety under Makhleb
    29 | D        | Reached skill level 10 in Short Blades
    29 | D        | Reached skill level 10 in Long Blades
    29 | D        | Reached skill level 10 in Crossbows
    29 | D        | Reached skill level 10 in Throwing
    29 | D        | Reached skill level 10 in Unarmed Combat
    29 | D        | Reached skill level 10 in Spellcasting
    29 | D        | Reached skill level 10 in Conjurations
    29 | D        | Reached skill level 10 in Necromancy
    29 | D        | Reached skill level 10 in Translocations
    29 | D        | Reached skill level 10 in Fire Magic
    29 | D        | Reached skill level 10 in Ice Magic
    29 | D        | Reached XP level 22. HP: 212/212 MP: 19/36
    30 | D        | Reached skill level 15 in Maces & Flails
    30 | D        | Reached skill level 15 in Polearms
    30 | D        | Noticed a destroyer
    31 | D        | Noticed a meat berserker
    32 | D        | Reached skill level 10 in Bows
    32 | D        | Reached skill level 10 in Air Magic
    33 | D        | Reached skill level 15 in Dodging
    33 | D        | Reached skill level 15 in Stealth
    33 | D        | Reached skill level 15 in Poison Magic
    33 | D        | Noticed a meat berserker
    34 | D        | Reached ****** piety under Makhleb
    34 | D        | Noticed a meat berserker
    35 | D        | Killed a destroyer
    36 | D        | Reached skill level 15 in Earth Magic
    36 | D        | Reached XP level 23. HP: 219/219 MP: 20/39
    36 | D        | Noticed a destroyer
    37 | D        | Reached skill level 15 in Hexes
    37 | D        | Reached skill level 15 in Invocations
    38 | D        | Reached skill level 15 in Transmutations
    38 | D        | Reached skill level 15 in Evocations
    38 | D        | Reached XP level 24. HP: 227/227 MP: 20/41
    39 | D        | Reached skill level 15 in Slings
    39 | D        | Killed a destroyer
    39 | D        | Noticed a destroyer
    40 | D        | Reached skill level 15 in Short Blades
    40 | D        | Reached skill level 15 in Long Blades
    40 | D        | Reached skill level 15 in Staves
    40 | D        | Reached skill level 15 in Crossbows
    40 | D        | Reached skill level 15 in Throwing
    40 | D        | Reached skill level 15 in Unarmed Combat
    40 | D        | Reached skill level 15 in Spellcasting
    40 | D        | Reached skill level 15 in Summonings
    40 | D        | Reached skill level 15 in Necromancy
    40 | D        | Reached skill level 15 in Fire Magic
    40 | D        | Reached skill level 15 in Ice Magic
    40 | D        | Reached XP level 25. HP: 234/234 MP: 21/42
    42 | D        | Noticed a destroyer
    43 | D        | Killed a destroyer
    43 | D        | Killed a destroyer
    44 | D        | Reached skill level 15 in Translocations
    44 | D        | Reached XP level 26. HP: 242/242 MP: 22/44
    45 | D        | Reached skill level 15 in Bows
    45 | D        | Reached skill level 15 in Air Magic
    45 | D        | Reached XP level 27. HP: 249/249 MP: 22/44
    45 | D        | Noticed an accursed
    47 | D        | Noticed an accursed
    49 | D        | Killed a destroyer
    51 | D        | Noticed a tyrant
    51 | D        | Killed an accursed
    52 | D        | Noticed an accursed
    54 | D        | Noticed a large bag of meat
    55 | D        | Killed an accursed
    55 | D        | Noticed a destroyer
    56 | D        | Reached skill level 27 in Maces & Flails
    56 | D        | Reached skill level 27 in Polearms
    56 | D        | Noticed an accursed
    59 | D        | Killed a tyrant
    60 | D        | Reached skill level 27 in Dodging
    60 | D        | Reached skill level 27 in Stealth
    60 | D        | Reached skill level 27 in Poison Magic
    62 | D        | Killed a large bag of meat
    62 | D        | Noticed a meat beast
    67 | D        | Reached skill level 27 in Earth Magic
    67 | D        | Killed a meat beast
    68 | D        | Reached skill level 27 in Hexes
    68 | D        | Reached skill level 27 in Invocations
    68 | D        | Noticed a destroyer
    68 | D        | Noticed a tyrant
    69 | D        | Noticed a dread
    70 | D        | Killed a destroyer
    71 | D        | Reached skill level 27 in Slings
    71 | D        | Reached skill level 27 in Transmutations
    71 | D        | Reached skill level 27 in Evocations
    72 | D        | Killed a destroyer
    73 | D        | Reached skill level 27 in Short Blades
    73 | D        | Reached skill level 27 in Long Blades
    73 | D        | Reached skill level 27 in Staves
    73 | D        | Reached skill level 27 in Crossbows
    73 | D        | Reached skill level 27 in Throwing
    73 | D        | Reached skill level 27 in Unarmed Combat
    73 | D        | Reached skill level 27 in Spellcasting
    73 | D        | Reached skill level 27 in Summonings
    73 | D        | Reached skill level 27 in Necromancy
    73 | D        | Reached skill level 27 in Fire Magic
    73 | D        | Reached skill level 27 in Ice Magic
    73 | D        | Noticed a dread
    77 | D        | HP: 12/249 [??? (10)]
    78 | D        | Killed a dread
    78 | D        | Noticed an accursed
    79 | D        | Reached skill level 27 in Bows
    79 | D        | Reached skill level 27 in Conjurations
    79 | D        | Reached skill level 27 in Translocations
    79 | D        | Reached skill level 27 in Air Magic
    80 | D        | Noticed a meat beast
    82 | D        | Killed from afar by a wretched soul

Illustrated notes

Levels and vault maps discovered:
D:        meatsprint

Skill      XL: |  1  2  3  4  5  6  7  8  9 10 11 12 13 14 15 16 17 18 19 20 21 22 23 24 25 26 27 |
---------------+----------------------------------------------------------------------------------+-----
Fighting       | 15 17 20 23 24 26 27 | 27.0
Axes           | 14 17 21 26 27 | 27.0
Armour         | 15 17 20 23 24 26 27 | 27.0
Shields        | 17 19 21 24 26 27 | 27.0
Short Blades   | 5 7 9 10 12 13 15 17 27 | 27.0
Long Blades    | 5 7 9 10 12 13 15 17 27 | 27.0
Maces & Flails | 7 10 13 14 17 18 20 22 23 27 | 27.0
Polearms       | 7 10 13 14 17 18 20 22 23 27 | 27.0
Staves         | 5 7 10 11 12 14 15 17 27 | 27.0
Slings         | 5 8 10 11 13 14 16 18 27 | 27.0
Bows           | 4 6 8 9 10 11 13 14 15 27 | 27.0
Crossbows      | 5 7 9 10 12 13 15 17 27 | 27.0
Throwing       | 5 7 9 10 12 14 15 17 27 | 27.0
Dodging        | 6 10 12 13 16 17 18 21 27 | 27.0
Stealth        | 6 10 12 13 16 17 19 21 27 | 27.0
Unarmed Combat | 5 7 9 10 12 14 15 17 27 | 27.0
Spellcasting   | 5 7 9 10 12 14 15 17 27 | 27.0
Conjurations   | 4 7 9 10 11 13 14 16 27 | 27.0
Hexes          | 6 9 11 12 14 16 17 20 27 | 27.0
Summonings     | 5 7 9 11 12 14 15 17 27 | 27.0
Necromancy     | 5 7 9 10 12 13 15 17 27 | 27.0
Translocations | 4 6 9 10 11 12 14 15 16 27 | 27.0
Transmutations | 5 8 10 11 13 15 16 18 19 27 | 27.0
Fire Magic     | 5 7 9 10 12 13 15 17 27 | 27.0
Ice Magic      | 5 7 9 10 12 14 15 17 27 | 27.0
Air Magic      | 4 6 8 9 11 12 13 14 15 27 | 27.0
Earth Magic    | 6 9 11 12 15 16 17 20 27 | 27.0
Poison Magic   | 6 10 12 13 16 17 18 21 27 | 27.0
Invocations    | 6 9 11 12 14 16 17 19 20 27 | 27.0
Evocations     | 5 8 10 11 13 15 16 18 27 | 27.0

Action                   |  1- 3 |  4- 6 |  7- 9 | 10-12 | 13-15 | 16-18 | 19-21 | 22-24 | 25-27 || total
-------------------------+-------+-------+-------+-------+-------+-------+-------+-------+-------++-------
Melee: Executioner's axe |     1 |       |       |     1 |     2 |     4 |     4 |    10 |    31 ||    53
 Abil: Dig               |       |       |       |       |       |       |       |       |     1 ||     1
Armor: Scale mail        |       |       |       |       |       |       |       |       |     1 ||     1
Dodge: Dodged            |       |       |       |       |       |       |       |       |     2 ||     2
Block: Kite shield       |       |       |       |       |       |       |     1 |       |       ||     1

Table legend: (Time is in decaauts)
 A = Elapsed time spent in this place.
 B = Non-inter-level travel time spent in this place.
 C = Inter-level travel time spent in this place.
 D = Time resting spent in this place.
 E = Time spent auto-exploring this place.
 F = Levels seen in this place.
 G = Mean time per level.
                   A        B        C        D        E       F      G
               +--------+--------+--------+--------+--------+-----+--------+
         Total |     68 |     68 |      0 |      0 |      0 |   1 |   68.0 |
       Dungeon |     68 |     68 |      0 |      0 |      0 |   1 |   68.0 |
               +--------+--------+--------+--------+--------+-----+--------+

Top non-repeatable levels by time:
       D: 68 daAuts
